 Dungeon Crawl Stone Soup version 0.21.1-1-g345015f (webtiles) character file.

123 Figureslego113 the Ruffian (level 5, -2/44 HPs)
             Began as a Naga Transmuter on June 21, 2018.
             Slain by an orc wizard
             ... wielding a +0 dagger
              (3 damage)
             ... on level 3 of the Dungeon.
             The game lasted 00:05:37 (2269 turns).

Figureslego113 the Ruffian (Naga Transmuter)        Turns: 2269, Time: 00:05:38

Health: -2/44      AC:  2    Str: 12    XL:     5   Next: 7%
Magic:  17/17      EV: 10    Int: 20    God:
Gold:   110        SH:  0    Dex: 11    Spells: 7/8 levels left

rFire    . . .     SeeInvis +     - Unarmed
rCold    . . .     Gourm    .   (no shield)
rNeg     . . .     Faith    .   b - +0 robe
rPois    +         Spirit   .   (no helmet)
rElec    .         Reflect  .   (no cloak)
rCorr    .         Harm     .   (no gloves)
MR       .....     Rnd*Tele +   (no barding)
Stlth    +.........             (no amulet)
HPRegen  0.14/turn              f - ring of teleportation
MPRegen  0.15/turn              o - ring of magical power

@: confused, brilliant, about to teleport, appendage (expiring), very slow
A: large, horns 2, see invisible, deformed body, poison resistance, slowness 2,
slow metabolism 1, spit poison 1, AC +1
a: Spit Poison, End Transformation


You were on level 3 of the Dungeon.
You were hungry.
You had grown temporary horns.
You visited 1 branch of the dungeon, and saw 3 of its levels.

You collected 110 gold pieces.

Inventory:

Missiles
 a - 12 arrows
Armour
 b - a +0 robe (worn)
Jewellery
 f - a ring of teleportation (left hand)
 m - an uncursed ring of stealth
 o - a ring of magical power (right hand)
Wands
 r - a wand of acid (10)
Scrolls
 e - 4 scrolls of identify
 g - a scroll of random uselessness
 k - a scroll of remove curse
 p - a scroll of immolation {unknown}
Potions
 i - a potion of flight
Books
 c - a book of Changes

   Spells                             Type                      Level
   a - Beastly Appendage              Transmutation                1
   b - Sticks to Snakes               Transmutation                2
   c - Spider Form                    Transmutation/Poison         3
   d - Ice Form                       Ice/Transmutation            4
   e - Blade Hands                    Transmutation                5
Comestibles
 d - 4 rations


   Skills:
 - Level 1.0 Fighting
 - Level 1.5 Dodging
 * Level 5.3 Unarmed Combat
 - Level 2.0 Spellcasting
 + Level 2.6 Transmutations


You had 7 spell levels left.
You knew the following spells:

 Your Spells              Type           Power        Failure   Level  Hunger
a - Beastly Appendage     Tmut           ###...       1%          1    #......


Dungeon Overview and Level Annotations

Branches:
Dungeon (3/15)

Altars:
Elyvilon
Fedhas
Trog
Xom


Innate Abilities, Weirdness & Mutations

You cannot wear boots.
Your serpentine skin is tough. (AC +1)
You have supernaturally acute eyesight. (SInv)
Armour fits poorly on your strangely shaped body.
Your system is resistant to poisons. (rPois)
You cover ground very slowly.
You have a slow metabolism.
You can spit poison.
You have a pair of horns on your head.


Message History

Your nose twitches suddenly!
It was a scroll of random uselessness.
The orc wizard hits you with a dagger.
* * * LOW HITPOINT WARNING * * *
There are monsters nearby!
As you read the scroll labeled IROUTR CASU, it crumbles to dust.
You feel strangely unstable.
It was a scroll of teleportation.
The orc wizard hits you but does no damage.
You are too injured to fight recklessly!
You are too injured to fight recklessly!
You hit the orc wizard. Your headbutt misses the orc wizard.
The orc wizard is severely wounded.
The orc wizard casts a spell at you.
You are confused.
You bump into the rock wall.
Your transformation is almost over.
The orc wizard points at you and mumbles some strange words.
The puff of flame hits you!
* * * LOW HITPOINT WARNING * * *
You bump into the rock wall.
The orc wizard hits you with a dagger.
You die...

#. #$# #. #.# #.###.#####
#..#...... ##### #.#....#
#... #.<....#
#.################o....#
[..............†@ow....##$.##
##.###############w..........
..............####..)#.......
##....####.........).#......#
.####.##...#######.#.#......#
......##.#.# #.#.#.......
########.#.# #.#.........
.........#.+ +...........
##########.# #..#.#######


You could see a worm, an orc wizard (invisible), a dart slug and an orc.

Vanquished Creatures
  An orc wizard (D:3)
  5 adders
  2 dart slugs
  A leopard gecko (D:1)
  2 orcs (D:3)
  A ball python (D:1)
  2 giant cockroaches (D:1)
  5 goblins (D:1)
  3 hobgoblins
  3 jackals (D:2)
  3 kobolds
  7 bats
  4 frilled lizards
  3 rats
42 creatures vanquished.

Notes
Turn   | Place    | Note
-------+----------+-------------------------------------------
     0 | D:1      | Figureslego113 the Naga Transmuter began the quest for the Orb.
     0 | D:1      | Reached XP level 1. HP: 18/18 MP: 3/3
   323 | D:1      | Reached XP level 2. HP: 23/25 MP: 5/5
  1046 | D:1      | Reached skill level 4 in Unarmed Combat
  1046 | D:1      | Reached XP level 3. HP: 29/31 MP: 6/6
  1399 | D:2      | Reached XP level 4. HP: 28/38 MP: 5/7
  1847 | D:2      | Found a white marble altar of Elyvilon.
  2055 | D:2      | Found a faded altar of an unknown god.
  2055 | D:2      | Found a bloodstained altar of Trog.
  2061 | D:2      | Found a shimmering altar of Xom.
  2066 | D:2      | Found a faded altar of an unknown god.
  2068 | D:2      | Found a blossoming altar of Fedhas.
  2246 | D:3      | Reached skill level 5 in Unarmed Combat
  2256 | D:3      | Reached XP level 5. HP: 32/44 MP: 8/8
  2268 | D:3      | HP: 1/44 [orc wizard/puff of flame (11)]
  2269 | D:3      | Slain by an orc wizard

Skill      XL: |  1  2  3  4 |
---------------+-------------+-----
Unarmed Combat | 4 5 |  5.3
Fighting       | |  1.0
Dodging        | |  1.5
Spellcasting   | |  2.0
Transmutations | |  2.6

Action                   |  1- 3 |  4- 6 || total
-------------------------+-------+-------++-------
Melee: Unarmed           |    88 |    59 ||   147
       Headbutt          |     6 |     4 ||    10
       Punch             |       |     2 ||     2
 Cast: Beastly Appendage |    15 |     8 ||    23
  Use: Potion            |       |     4 ||     4
       Scroll            |       |     4 ||     4
 Stab: Sleeping          |     2 |       ||     2
  Eat: Chunk             |     1 |     2 ||     3
Armor: Robe              |    16 |     9 ||    25
Dodge: Dodged            |    38 |    31 ||    69
